 Dungeon Crawl Stone Soup version 0.21-a0-442-g848f44b (webtiles) character file.

11 slep the Magician (level 2, 0/19 HPs)
             Began as a Barachi Wanderer on Nov 15, 2017.
             Slain by a hobgoblin
             ... wielding a +0 club
              (4 damage)
             ... on level 1 of the Dungeon.
             The game lasted 00:01:38 (226 turns).

slep the Magician (Barachi Wanderer)                 Turns: 226, Time: 00:01:38

Health: 0/19       AC:  5    Str: 12    XL:     2   Next: 29%
Magic:  5/5        EV: 12    Int: 13    God:
Gold:   22         SH:  0    Dex: 11    Spells: 6/6 levels left

rFire    . . .     SeeInvis .   c - +0 spear
rCold    . . .     Gourm    .   (no shield)
rNeg     . . .     Faith    .   a - +2 leather armour
rPois    .         Spirit   .   (no helmet)
rElec    .         Reflect  .   (no cloak)
rCorr    .         Harm     .   (no gloves)
MR       .....                  (no boots)
Stlth    +.........             (no amulet)
HPRegen  0.06/turn              (no ring)
MPRegen  0.09/turn              (no ring)

@: slow
A: +LOS, swims, slowness 1, strong legs 1
a: Hop


You were on level 1 of the Dungeon.
You were not hungry.

You visited 1 branch of the dungeon, and saw 1 of its levels.

You collected 22 gold pieces.

Inventory:

Hand Weapons
 c - a +0 spear (weapon)
 i - a +2 dagger of speed
Armour
 a - a +2 leather armour (worn)
Scrolls
 e - a scroll of identify {unknown}
 g - a scroll of fog {unknown}
Potions
 h - a potion of agility {unknown}
Books
 b - the Collected Works on the Rocks

   Spells                             Type                      Level
   a - Sandblast                      Earth                        1
   b - Stone Arrow                    Conjuration/Earth            3
Comestibles
 d - a bread ration
 f - 4 fruits


   Skills:
 + Level 0.1 Fighting
 + Level 1.3 Polearms
 + Level 2.5 Dodging
   Level 2.1 Shields
 + Level 2.5 Spellcasting
   Level 2.1 Hexes
   Level 1.0 Earth Magic


You had 6 spell levels left.
You didn't know any spells.

Dungeon Overview and Level Annotations

Branches:
Dungeon (1/15)

Altars:


Innate Abilities, Weirdness & Mutations

Shadows flee at your approach. (+LOS)
You can swim through water.
You cover ground slowly.
You can hop short distances.


Message History

i - a dagger of speed A hobgoblin comes into view.
It is wielding a club.
The hobgoblin shouts!
You see here a kobold corpse.
You barely miss the hobgoblin. The hobgoblin hits you with a club.
You barely miss the hobgoblin. The hobgoblin hits you with a club.
* * * LOW HITPOINT WARNING * * *
You closely miss the hobgoblin.
The hobgoblin hits you but does no damage.
You barely miss the hobgoblin. You hit the hobgoblin.
The hobgoblin is heavily wounded.
The hobgoblin barely misses you.
You hit the hobgoblin but do no damage.
The hobgoblin is heavily wounded.
The hobgoblin barely misses you.
You hit the hobgoblin.
The hobgoblin is almost dead.
The hobgoblin hits you with a club.
You die...

##.####.###...........#..
#..........#...........#..
#.#.####.#.#.........#.#..
#...#.(####..##.#.. ##
#####'.....#........
#..#.. #...##.#..##.#..
#.....##...#.....).....
#..#...................
#.....@................
##.#.g##.#.#..#####.#..
#.. #.#...... ...... ....
#.#.#..#..##.#.. #.###
#.#.#..... ..... #. #.# .
... #.#.. # #?# .#. #.#..
.. ..


You could see a hobgoblin.

Vanquished Creatures
  A dart slug (D:1)
  2 bats (D:1)
  3 hobgoblins (D:1)
  2 kobolds (D:1)
  A rat (D:1)
9 creatures vanquished.

Notes
Turn   | Place    | Note
-------+----------+-------------------------------------------
     0 | D:1      | slep the Barachi Wanderer began the quest for the Orb.
     0 | D:1      | slep set off with: a +2 leather armour, the Collected Works on the Rocks, a +0 spear, a bread ration
     0 | D:1      | Reached XP level 1. HP: 13/13 MP: 3/3
   124 | D:1      | Reached XP level 2. HP: 12/19 MP: 5/5
   226 | D:1      | Slain by a hobgoblin

Vault maps used:
D:1:      dpeg_arrival_central, roderic_st_hans_cross

Action                   || total
-------------------------++-------
Melee: Spear             ||    50
Armor: Leather armour    ||    14
Dodge: Dodged            ||    27

Table legend:
 A = Spawn XP
 B = Non-spawn XP
 C = Spawn XP percentage of total XP
 D = Spawn monster count
 E = Non-spawn monster count
 F = Spawn count percentage of total count
 G = Total turns spent on level
                    A         B        C        D         E        F      G
               +---------+---------+-------+---------+---------+-------+---------
         Total |       0 |      17 |   0.0 |       0 |       9 |   0.0 |   226
               +---------+---------+-------+---------+---------+-------+---------
           D:1 |       0 |      17 |   0.0 |       0 |       9 |   0.0 |   226
               +---------+---------+-------+---------+---------+-------+---------
